 Dungeon Crawl Stone Soup version 0.29-a0-666-g26d293caef (webtiles) character file.

Game seed: 9503103226183041344

6869 Kae the Arsonist (level 10, -29/59 HPs)
             Began as a Deep Elf Fire Elementalist on June 23, 2022.
             Was a Believer of Vehumet.
             Killed by an exploding centaur warrior (39 damage)
             ... ignited by their inner flame
             ... on level 9 of the Dungeon.
             The game lasted 00:12:36 (12295 turns).

Kae the Arsonist (Deep Elf Fire Elementalist)      Turns: 12295, Time: 00:12:37

Health: -29/59     AC:  6    Str:  5    XL:     10   Next: 78%
Magic:  0/25       EV: 17    Int: 25    God:    Vehumet [**....]
Gold:   496        SH:  3    Dex: 15    Spells: 14/27 levels left

rFire   . . .      SeeInvis .   q - +0 whip (elec)
rCold   . . .      Faith    .   Q - +0 buckler
rNeg    . . .      Spirit   +   S - +0 steam dragon scales
rPois   .          Reflect  .   v - +1 hat
rElec   .          Harm     .   (no cloak)
rCorr   .          Rampage  .   (no gloves)
Will    +....                   (no boots)
Stlth   ++........              G - amulet of guardian spirit
HPRegen 0.19/turn               E - +4 ring of evasion
MPRegen 0.19/turn               (no ring)

@: no status effects
A: no striking features
a: Renounce Religion


You were on level 9 of the Dungeon.
You worshipped Vehumet.
Vehumet was pleased with you.
You visited 2 branches of the dungeon, and saw 10 of its levels.
You also visited: Sewer.

You collected 496 gold pieces.


   Skills:
 + Level 5.4 Fighting
 + Level 3.8 Dodging
 - Level 2.4 Stealth
 + Level 9.3 Spellcasting
 * Level 10.4 Conjurations
 * Level 10.9 Fire Magic


You had 14 spell levels left.
You knew the following spells:

 Your Spells              Type           Power      Damage    Failure   Level
a - Foxfire               Conj/Fire      100%       2x1d9     1%          1
b - Scorch                Fire           100%       2d10      1%          2
c - Conjure Flame         Conj/Fire      60%        6-21      1%          3
d - Inner Flame           Hex/Fire       39%        N/A       2%          3
e - Flame Wave            Conj/Fire      60%        2d12      1%          4

Your spell library contained the following spells:

 Spells                   Type           Power      Damage    Failure   Level
 Searing Ray              Conj           100%       2d8       1%          2
 Poisonous Vapours        Pois/Air       22%        N/A       11%         2
 Call Canine Familiar     Summ           11%        N/A       22%         3
 Frozen Ramparts          Ice            22%        1d4       22%         3
 Portal Projectile        Hex/Tloc       22%        N/A       22%         3
 Animate Armour           Summ/Erth      22%        N/A       58%         4
 Cause Fear               Hex            5%         N/A       58%         4
 Corpse Rot               Necr/Pois/Air  11%        N/A       58%         4
 Ice Form                 Ice/Tmut       11%        N/A       58%         4
 Leda's Liquefaction      Hex/Erth       5%         N/A       58%         4
 Petrify                  Tmut/Erth      11%        N/A       58%         4
 Summon Ice Beast         Ice/Summ       11%        N/A       58%         4
 Summon Lightning Spire   Summ/Air       11%        N/A       58%         4
 Iron Shot                Conj/Erth      18%        9d4       78%         6
 Blade Hands              Tmut           5%         N/A       90%         5
 Metabolic Englaciation   Hex/Ice        5%         N/A       90%         5
 Summon Forest            Summ/Tloc      5%         N/A       90%         5
 Summon Mana Viper        Hex/Summ       11%        N/A       90%         5
 Statue Form              Tmut/Erth      7%         N/A       100%        6
 Summon Cactus Giant      Summ           5%         N/A       100%        6
 Storm Form               Tmut/Air       5%         N/A       100%        7
 Discord                  Hex            5%         N/A       100%        8
 Maxwell's Capacitive Co  Air            5%         ∞         100%        8

Inventory:

Hand Weapons
 e - a +1 vampiric whip
   (You took it off a kobold brigand on level 8 of the Dungeon)
 k - a +0 short sword of flaming
   (You took it off an orc priest on level 3 of the Dungeon)
 q - a +0 whip of electrocution (weapon)
   (You took it off a kobold on level 3 of the Dungeon)
 x - a +3 whip
   (You took it off a kobold in a sewer)
Missiles
 c - 61 stones
 f - 58 poisoned darts
 y - 2 curare-tipped darts {=f}
 K - a throwing net {=f!f}
 L - 3 boomerangs
Armour
 b - a +0 scale mail
   (You found it on level 9 of the Dungeon)
 g - a +0 chain mail
   (You took it off a kobold on level 8 of the Dungeon)
 h - a +2 leather armour of fire resistance
   (You found it on level 1 of the Dungeon)
 i - a +0 leather armour
   (You found it on level 9 of the Dungeon)
 n - a +0 robe
   (You took it off an orc wizard on level 8 of the Dungeon)
 o - the +1 leather armour of the Lime {rCorr Int+3}
   (You took it off an orc wizard on level 3 of the Dungeon)

   Int:       It affects your intelligence (+3).
   rCorr:     It protects you from acid and corrosion.
 u - a +0 leather armour
   (You took it off an orc on level 8 of the Dungeon)
 v - a +1 hat (worn)
   (You found it on level 7 of the Dungeon)
 B - a +0 robe
   (You took it off an orc wizard on level 8 of the Dungeon)
 C - a +0 ring mail
   (You took it off an orc on level 8 of the Dungeon)
 H - a +0 chain mail
   (You took it off an orc priest on level 8 of the Dungeon)
 M - a +0 robe
   (You took it off an orc wizard on level 9 of the Dungeon)
 N - a +0 leather armour
   (You took it off a gnoll shaman on level 9 of the Dungeon)
 Q - a +0 buckler (worn)
   (You found it on level 9 of the Dungeon)
 S - +0 steam dragon scales (worn)
   (You took it off Maggie on level 7 of the Dungeon)
Jewellery
 E - a +4 ring of evasion (left hand)
   (You found it on level 6 of the Dungeon)
 G - an amulet of guardian spirit (around neck)
   (You found it on level 2 of the Dungeon)
Wands
 a - a wand of acid (10)
   (You found it on level 7 of the Dungeon)
 r - a wand of digging (6)
   (You found it on level 4 of the Dungeon)
 I - a wand of iceblast (5)
   (You found it on level 9 of the Dungeon)
 J - a wand of mindburst (29)
   (You found it on level 5 of the Dungeon)
Scrolls
 m - 2 scrolls of teleportation {@r4}
 p - a scroll of blinking {!r}
 s - a scroll of torment {!r}
 F - a scroll of fog
 P - 2 scrolls of identify {@r1}
Potions
 d - 5 potions of brilliance
 j - a potion of flight
 l - 3 potions of lignification {!q}
 t - 2 potions of invisibility
 w - a potion of resistance
 z - 3 potions of haste {@q3}
 A - a potion of attraction {!q}
 D - a potion of ambrosia
 O - 3 potions of curing {@q1}

Dungeon Overview and Level Annotations

Branches:
Dungeon (9/15) Zot: 25992  Temple (1/1) D:5 Zot: 5882   Sewer (visited)
   Lair: D:8-11         Orc: D:9-12

Altars:
Elyvilon
Gozag
Hepliaklqana
Nemelex Xobeh
Okawaru
Qazlal
Sif Muna
Trog
Vehumet
Wu Jian
Xom
Yredelemnul
Zin
The Shining One

Shops:
D:1 [

Annotations:
D:2 exclusion: door, Terence

#..######...............
#.......................
#.......................
#........#####'####.....
#........#........#.....
#........#........# .
#........#....§§§.#
#........#....§○§.#
#........#....§@§.#
#...$....#........#
######...#........#
#...#......<.#
#......).....#
..........###...
#...#####........#
#...#[..#........##
#.._#...#_..........


There were no monsters in sight!


Message History

Casting: Scorch (safe; 1% risk of failure)
Confirm with . or Enter, or press ? or * to list all spells.
Flames lash the wraith.
The wraith is burned terribly!
The wraith misses you. The wraith hits you! The wraith drains your vigour!
You feel yourself slow down. 😕 HP[-8] MP[-4]
You take 8 damage, and now have 51/59 hp.
You lost 4 mp, and now have 16/25 mp.
Casting: Scorch (safe; 1% risk of failure)
Confirm with . or Enter, or press ? or * to list all spells.
You conjure some foxfire!
The wraith misses you.
The foxfire hits the wraith but does no damage. x2
The wraith completely misses you. The wraith misses you. 😕 MP[-1]
You lost 1 mp, and now have 15/25 mp.
Casting: Foxfire (safe; 1% risk of failure)
Confirm with . or Enter, or press ? or * to list all spells.
You conjure some foxfire!
The wraith barely misses you.
The foxfire hits the wraith!
The wraith is burned terribly!
The foxfire hits the wraith.
The wraith is burned terribly!
You destroy the wraith!
Vehumet accepts your kill. 😕 HP[+1]
Casting: Foxfire (safe; 1% risk of failure)
Confirm with . or Enter, or press ? or * to list all spells.
You can't see any susceptible monsters within range! (Use Z to cast anyway.) 😕 MP[+1] 😕 HP[+1]
You feel yourself speed up.
There is an escape hatch in the ceiling here.
You start resting.
A centaur warrior is nearby! 😕 HP[+1] MP[+1]
Casting: Foxfire (safe; 1% risk of failure)
Confirm with . or Enter, or press ? or * to list all spells.
Aiming: Inner Flame (dangerous; 2% risk of failure)
Press: ? - help, Dir - move target, f - centaur warrior
Aim: a centaur warrior (wandering, hasn't noticed you, chance to affect: 78%)
The centaur warrior shouts!
The centaur warrior is filled with an inner flame.
The centaur warrior wields a +0 longbow.
The centaur warrior shoots an arrow.
The arrow hits you! 😮 HP[-12] MP[-6]
You take 12 damage, and now have 42/59 hp.
MASSIVE DAMAGE!! (PAUSE)
You lost 6 mp, and now have 11/25 mp.
Casting: Inner Flame (dangerous; 2% risk of failure)
Confirm with . or Enter, or press ? or * to list all spells.
You conjure some foxfire!
The centaur warrior shoots an arrow.
The arrow hits you!
The centaur warrior shoots an arrow.
The arrow hits you!
* * * LOW HITPOINT WARNING * * *
The foxfire hits the centaur warrior.
Flame seeps out of the centaur warrior.
The foxfire hits the centaur warrior.
Flame seeps out of the centaur warrior. 😨 HP[-19] MP[-6]
You take 19 damage, and now have 23/59 hp.
MASSIVE DAMAGE!! (PAUSE)
You lost 6 mp, and now have 5/25 mp.
Casting: Foxfire (safe; 1% risk of failure)
Confirm with . or Enter, or press ? or * to list all spells.
You conjure some foxfire!
The centaur warrior is engulfed in blazing flames.
Flame seeps out of the centaur warrior.
The foxfire hits the centaur warrior but does no damage. x2 😨 MP[-1]
You lost 1 mp, and now have 4/25 mp.
Unknown command.
Casting: Foxfire (safe; 1% risk of failure)
Confirm with . or Enter, or press ? or * to list all spells.
You conjure some foxfire!
The foxfire hits the centaur warrior but does no damage.
The foxfire hits the centaur warrior!
Flame seeps out of the centaur warrior.
Casting: Foxfire (safe; 1% risk of failure)
Confirm with . or Enter, or press ? or * to list all spells.
Flames lash the centaur warrior.
Flame seeps out of the centaur warrior.
The centaur warrior's fire resistance burns away.
The centaur warrior is engulfed in blazing flames.
Flame seeps out of the centaur warrior.
The centaur warrior unwields a +0 longbow.
The centaur warrior closely misses you. The centaur warrior kicks you.
* * * LOW HITPOINT WARNING * * *
The centaur warrior is engulfed in blazing flames.
Flame seeps out of the centaur warrior.
The centaur warrior hits you.
* * * LOW HITPOINT WARNING * * *
The centaur warrior misses you.
The centaur warrior is engulfed in blazing flames.
Flame seeps out of the centaur warrior.
The centaur warrior hits you!
* * * LOW HITPOINT WARNING * * *
The centaur warrior kicks you but does no damage. 😱 HP[-13] MP[-4]
You take 13 damage, and now have 10/59 hp.
MASSIVE DAMAGE!! (PAUSE)
You lost 4 mp, and now have 0/25 mp.
You hit the centaur warrior.
Flame seeps out of the centaur warrior.
The centaur warrior is engulfed in blazing flames.
Vehumet accepts your kill.
You feel your power returning.
The centaur warrior explodes!
The fiery explosion engulfs you!!!
Ouch! That really hurt!
You die...

Skill      XL: |  1  2  3  4  5  6  7  8  9 10 |
---------------+-------------------------------+-----
Conjurations   | 2 3 4 5 7 9 10 | 10.4
Fire Magic     | 4 5 6 8 9 10 | 10.9
Fighting       | 1 2 3 4 5 |  5.4
Spellcasting   | 4 5 6 8 9 |  9.3
Dodging        | 3 |  3.8
Stealth        | |  2.4

Action                   |  1- 3 |  4- 6 |  7- 9 | 10-12 || total
-------------------------+-------+-------+-------+-------++-------
Melee: Unarmed           |    18 |     6 |       |       ||    24
       Whip              |       |     1 |     3 |     2 ||     6
 Cast: Foxfire           |    62 |   124 |   145 |    48 ||   379
       Scorch            |     4 |    23 |    38 |    34 ||    99
       Conjure Flame     |       |       |     3 |     3 ||     6
       Inner Flame       |       |       |     4 |     3 ||     7
       Flame Wave        |       |       |     2 |     3 ||     5
  Use: Scroll            |     2 |     7 |     2 |     7 ||    18
       Potion            |     1 |     2 |       |     2 ||     5
 Stab: Sleeping          |       |     1 |       |       ||     1
Armor: Robe              |     3 |     1 |     4 |       ||     8
       Steam dragon scal |       |       |     3 |    15 ||    18
Dodge: Dodged            |    39 |    28 |    55 |    58 ||   180
Block: Buckler           |       |       |       |     8 ||     8

Levels and vault maps discovered:
D:1:      dpeg_arrival_lava_temple_mockup, layout_loops_ring,
          hellmonk_ecumenical_altar_arch_garden, serial_shops,
          nicolae_shop_overgrown_old_shop, serial_forest,
          infiniplex_forest_clump_small, infiniplex_forest_end_1,
          infiniplex_forest_lined_room_, infiniplex_forest_lined_ring,
          infiniplex_forest_clump_curved
D:2:      layout_loops_ring, minmay_joined_circles, uniq_crazy_yiuf_cottage,
          uniq_terence, uniq_robin
D:3:      layout_loops_ring, mainiacjoe_overflow_alcove_1
D:4:      layout_gridville, lemuel_round_altar
D:5:      layout_loops_cross, yredelemnul_forgotten_temple_becter,
          old_standard_altar, portal_sewer_entry_e
D:6:      layout_rooms, mainiacjoe_overflow_boulevard
D:7:      layout_rooms, tso_metal_star, chequers_garden, uniq_maggie,
          uniq_joseph
D:8:      layout_loops_ring
D:9:      minmay_the_grid_triangle_9x9_recursive_2_mashed
          [minmay_the_grid_triangle_9x9_prize_schism,
          minmay_the_grid_triangle_9x9_intruding_spiral,
          minmay_the_grid_triangle_9x9_wacky_v,
          minmay_the_grid_triangle_9x9_zippers_vertical], layout_irregular_city,
          grunt_temple_overflow_order_and_chaos_1, lair_entry_dummy,
          st_stairs_7, minmay_hollow_rounded_squares
Temple:   minmay_temple_curvy_loop

Notes
Turn   | Place    | Note
-------+----------+-------------------------------------------
     0 | D:1      | Kae the Deep Elf Fire Elementalist began the quest for the
                  | Orb.
     0 | D:1      | Reached XP level 1. HP: 10/10 MP: 6/6
     0 | D:1      | magus.rc [v1.11.3]
   103 | D:1      | Reached XP level 2. HP: 15/15 MP: 2/8
   160 | D:1      | Found a faded altar of an unknown god.
   410 | D:1      | You pick up a book of Rime and begin reading...
   410 | D:1      | You add the spells Frozen Ramparts, Ice Form and Summon Ice
                  | Beast to your library.
   507 | D:1      | Found Cidaf's Antique Armour Emporium.
   581 | D:1      | Reached skill level 2 in Conjurations
  1137 | D:2      | Noticed Robin
  1142 | D:2      | Reached XP level 3. HP: 15/20 MP: 5/9
  1147 | D:2      | Killed Robin
  1152 | D:2      | HP: 5/20 [hobgoblin[Robin] (3)]
  1153 | D:2      | HP: 2/20 [hobgoblin[Robin] (3)]
  1169 | D:2      | HP: 5/20 [goblin/+0 dagger[Robin] (4)]
  1377 | D:2      | Reached skill level 4 in Fire Magic
  1382 | D:2      | Learned a level 2 spell: Scorch
  1386 | D:2      | Learned a level 3 spell: Conjure Flame
  1587 | D:2      | Reached XP level 4. HP: 24/24 MP: 8/11
  1654 | D:2      | Reached skill level 1 in Fighting
  2121 | D:2      | Reached skill level 3 in Conjurations
  2228 | D:2      | Noticed Terence
  2734 | D:3      | Reached XP level 5. HP: 12/29 MP: 0/12
  3146 | D:3      | HP: 6/29 [orc priest/+0 club (5)]
  3188 | D:3      | HP: 7/29 [poisoned by an adder]
  3189 | D:3      | HP: 2/29 [adder (4)]
  3281 | D:3      | Found a shimmering blue altar of Sif Muna.
  3306 | D:3      | Reached skill level 4 in Spellcasting
  3341 | D:3      | You pick up a book of Iron and begin reading...
  3341 | D:3      | You add the spells Animate Armour, Blade Hands and Iron
                  | Shot to your library.
  3709 | D:3      | Identified the +1 leather armour of the Lime {rCorr Int+3}
  3725 | D:3      | Reached skill level 5 in Fire Magic
  4422 | D:4      | Reached skill level 4 in Conjurations
  4422 | D:4      | Reached XP level 6. HP: 35/35 MP: 10/14
  4685 | D:4      | You pick up a book of Hexes and begin reading...
  4685 | D:4      | You add the spells Cause Fear and Discord to your library.
  4764 | D:4      | Found a white marble altar of Elyvilon.
  4966 | D:4      | Reached skill level 2 in Fighting
  5178 | D:4      | Learned a level 3 spell: Inner Flame
  5183 | D:4      | Learned a level 4 spell: Flame Wave
  5239 | D:5      | Entered Level 5 of the Dungeon
  5317 | D:5      | Noticed a two-headed ogre
  5384 | D:5      | Reached XP level 7. HP: 40/40 MP: 11/16
  5429 | D:5      | Found a staircase to the Ecumenical Temple.
  5439 | Temple   | Entered the Ecumenical Temple
  5525 | Temple   | Became a worshipper of Vehumet
  5577 | D:5      | You pick up a book of the Hunter and begin reading...
  5577 | D:5      | You add the spells Call Canine Familiar, Portal Projectile
                  | and Leda's Liquefaction to your library.
  5634 | D:5      | Found a glowing drain.
  5639 | Sewer    | Entered a sewer
  6117 | Sewer    | Reached skill level 5 in Spellcasting
  6117 | Sewer    | Reached skill level 5 in Conjurations
  6117 | Sewer    | Reached skill level 6 in Fire Magic
  6527 | Sewer    | Reached XP level 8. HP: 45/45 MP: 13/18
  6705 | D:5      | Reached skill level 6 in Conjurations
  6812 | D:5      | Reached skill level 3 in Fighting
  6812 | D:5      | Reached skill level 7 in Fire Magic
  6887 | D:5      | Reached skill level 6 in Spellcasting
  7095 | D:5      | Killed a two-headed ogre
  7096 | D:5      | Reached skill level 7 in Conjurations
  7096 | D:5      | Reached skill level 8 in Fire Magic
  7161 | D:5      | You pick up a book of Sloth and begin reading...
  7161 | D:5      | You add the spells Petrify, Metabolic Englaciation and
                  | Statue Form to your library.
  7171 | D:5      | Found an iron altar of Okawaru.
  7218 | D:5      | Found a basalt altar of Yredelemnul.
  7379 | D:5      | You pick up a book of Vapours and begin reading...
  7379 | D:5      | You add the spells Poisonous Vapours and Corpse Rot to your
                  | library.
  7568 | D:6      | Reached XP level 9. HP: 38/52 MP: 12/21
  7735 | D:6      | Reached * piety under Vehumet
  7735 | D:6      | Offered knowledge of Magic Dart by Vehumet.
  7736 | D:6      | Reached skill level 7 in Spellcasting
  7866 | D:6      | Reached skill level 4 in Fighting
  7868 | D:6      | HP: 8/52 [ogre/+0 giant spiked club (22)]
  7870 | D:6      | Reached skill level 8 in Conjurations
  8100 | D:6      | Found a stormy altar of Qazlal.
  8730 | D:7      | Noticed Maggie
  8771 | D:7      | Killed Maggie
  8772 | D:7      | Reached skill level 9 in Fire Magic
  8776 | D:7      | Noticed Joseph
  8932 | D:7      | HP: 11/52 [Joseph/sling bullet (12)]
  9348 | D:7      | Killed Joseph
  9349 | D:7      | Reached skill level 8 in Spellcasting
  9349 | D:7      | Reached skill level 9 in Conjurations
  9738 | D:7      | Reached XP level 10. HP: 29/58 MP: 8/24
 10098 | D:7      | Found a glowing golden altar of the Shining One.
 10584 | D:8      | Noticed a two-headed ogre
 10600 | D:8      | Killed a two-headed ogre
 10601 | D:8      | Reached skill level 10 in Fire Magic
 10657 | D:8      | You pick up a book of the Wilderness and begin reading...
 10657 | D:8      | You add the spells Summon Forest, Summon Mana Viper and
                  | Summon Cactus Giant to your library.
 11024 | D:8      | Reached skill level 5 in Fighting
 11024 | D:8      | Offered knowledge of Searing Ray by Vehumet.
 11303 | D:9      | Reached ** piety under Vehumet
 11477 | D:9      | Found a shimmering altar of Xom.
 11477 | D:9      | Found a glowing silver altar of Zin.
 11477 | D:9      | Noticed an angel
 11597 | D:9      | Reached skill level 3 in Dodging
 11597 | D:9      | Reached skill level 10 in Conjurations
 11650 | D:9      | Noticed a centaur warrior
 11663 | D:9      | HP: 4/59 [centaur warrior (11)]
 11663 | D:9      | HP: 1/59 [centaur warrior (3)]
 11666 | D:9      | Killed a centaur warrior
 11667 | D:9      | Reached skill level 9 in Spellcasting
 11759 | D:9      | Noticed a centaur warrior
 11866 | D:9      | Killed an angel
 11970 | D:9      | Noticed a centaur warrior
 12002 | D:9      | Noticed a manticore
 12156 | D:9      | Killed a manticore
 12256 | D:9      | You pick up a book of the Sky and begin reading...
 12256 | D:9      | You add the spells Summon Lightning Spire, Storm Form and
                  | Maxwell's Capacitive Coupling to your library.
 12294 | D:9      | HP: 10/59 [centaur warrior (11)]
 12295 | D:9      | Killed a centaur warrior
 12295 | D:9      | Killed by an exploding centaur warrior... ignited by their
                  | inner flame

Vanquished Creatures
  2 centaur warriors (D:9)
  2 two-headed ogres
  A manticore (D:9)
  Joseph (D:7)
  Maggie (D:7)
  A troll (D:9)
  A wraith (D:9)
  A wyvern (D:9)
  A steam dragon (D:7)
  A vampire mosquito (D:9)
  3 ice beasts
  A black bear (D:6)
  An ogre (D:6)
  A centaur (D:8)
  2 phantoms (D:6)
  8 kobold brigands
  3 bullfrogs (D:7)
  2 necrophages (D:6)
  4 scorpions
  4 wights (D:5)
  8 killer bees
  6 howler monkeys
  3 jellies
  3 hounds
  5 orc priests
  A gnoll shaman (D:9)
  3 iguanas
  4 orc wizards
  Robin (D:2)
  4 gnolls (D:9)
  11 adders
  A river rat (Sewer)
  A shadow imp (D:6)
  A white imp (D:7)
  4 ufetubi
  5 worms
  A dart slug (D:2)
  11 orcs
  7 bats
  8 endoplasms
  4 giant cockroaches
  14 goblins
  8 hobgoblins
  2 jackals (D:1)
  8 quokkas
  9 ball pythons
  2 frilled lizards
  18 kobolds
  8 rats
  A spectral orc (D:5)
203 creatures vanquished.

Vanquished Creatures (collateral kills)
  6 foxfires (D:1)
6 creatures vanquished.

Vanquished Creatures (others)
  An angel (D:9)
  618 foxfires
  A plant (D:1)
620 creatures vanquished.

Grand Total: 829 creatures vanquished

Table legend:
 A = Non-vault XP
 B = Vault XP
 C = Vault XP percentage of total XP
 D = Non-vault monster count
 E = Vault monster count
 F = Vault count percentage of total count
                 A         B        C        D         E       F
            +---------+---------+-------+---------+---------+-------
      Total |    6633 |    4026 |  37.8 |     160 |      43 |  21.2
            +---------+---------+-------+---------+---------+-------
        D:1 |      35 |       0 |   0.0 |      20 |       0 |   0.0
        D:2 |      98 |      30 |  23.4 |      21 |       7 |  25.0
        D:3 |     205 |       0 |   0.0 |      21 |       0 |   0.0
        D:4 |     276 |       0 |   0.0 |      15 |       0 |   0.0
        D:5 |    1455 |       1 |   0.1 |      17 |       1 |   5.6
        D:6 |    1218 |       0 |   0.0 |      18 |       0 |   0.0
        D:7 |     793 |     849 |  51.7 |      13 |       2 |  13.3
        D:8 |    1478 |       0 |   0.0 |      22 |       0 |   0.0
        D:9 |    1075 |    2455 |  69.5 |      13 |       5 |  27.8
      Sewer |       0 |     691 | 100.0 |       0 |      28 | 100.0
            +---------+---------+-------+---------+---------+-------

Illustrated notes

Table legend:
 A = Kills in this place as a percentage of kills in entire the game.
 B = Kills by you in this place as a percentage of kills by you in the entire game.
 C = Kills by friends in this place as a percentage of kills by friends in the entire game.
 D = Other kills in this place as a percentage of other kills in the entire game.
 E = Experience gained in this place as a percentage of experience gained in the entire game.
 F = Experience gained in this place divided by the number of levels of this place that you have seen.
                   A       B       C       D       E      F
               +-------+-------+-------+-------+-------+----------------------
         Total | 100.0 | 100.0 |   N/A |   N/A | 100.0 | 969.0
       Dungeon |  86.2 |  86.2 |   N/A |   N/A |  93.5 | 1107.6
         Sewer |  13.8 |  13.8 |   N/A |   N/A |   6.5 | 691.0
               +-------+-------+-------+-------+-------+----------------------

Table legend: (Time is in decaauts)
 A = Elapsed time spent in this place.
 B = Non-inter-level travel time spent in this place.
 C = Inter-level travel time spent in this place.
 D = Time resting spent in this place.
 E = Time spent auto-exploring this place.
 F = Levels seen in this place.
 G = Mean time per level.
                   A        B        C        D        E       F      G
               +--------+--------+--------+--------+--------+-----+--------+
         Total |  12481 |  12151 |    330 |    499 |   9688 |  11 | 1134.6 |
       Dungeon |  11211 |  10896 |    315 |    499 |   8658 |   9 | 1245.7 |
        Temple |    117 |    102 |     15 |      0 |     79 |   1 |  117.0 |
         Sewer |   1152 |   1152 |      0 |      0 |    950 |   1 | 1152.0 |
               +--------+--------+--------+--------+--------+-----+--------+

Top non-repeatable levels by time:
     D:6: 1634 daAuts
     D:2: 1562 daAuts
     D:3: 1522 daAuts
     D:8: 1354 daAuts
     D:4: 1224 daAuts
   Sewer: 1152 daAuts
     D:5: 1080 daAuts
     D:1: 1076 daAuts
     D:7: 1066 daAuts
     D:9: 690 daAuts
  Temple: 117 daAuts
